 Dungeon Crawl Stone Soup version 0.21.0-22-g11d5b52 (webtiles) character file.

333 sankara the Chopper (level 6, -1/56 HPs)
             Began as a Deep Dwarf Fighter on Jan 19, 2018.
             Slain by a worm (7 damage)
             ... on level 4 of the Dungeon.
             The game lasted 00:11:47 (3338 turns).

sankara the Chopper (Deep Dwarf Fighter)            Turns: 3338, Time: 00:11:47

Health: -1/56      AC:  7    Str: 19    XL:     6   Next: 27%
Magic:  6/6        EV:  7    Int:  9    God:
Gold:   150        SH:  9    Dex: 14    Spells: 5/5 levels left

rFire    . . .     SeeInvis .   a - +0 war axe
rCold    + . .     Gourm    .   c - +0 shield
rNeg     . . .     Faith    .   b - +0 scale mail
rPois    +         Spirit   .   (no helmet)
rElec    .         Reflect  .   g - scarf {cloud immunity}
rCorr    .         Harm     .   (no gloves)
MR       .....                  (no boots)
Stlth    ..........             (no amulet)
HPRegen  0.00/turn              (no ring)
MPRegen  0.10/turn              (no ring)

@: non-regenerating
A: damage resistance, heal wounds, cold resistance 1, sense surroundings 1,
poison resistance, no regeneration
a: Heal Wounds


You were on level 4 of the Dungeon.
You were not hungry.

You visited 1 branch of the dungeon, and saw 4 of its levels.

You collected 150 gold pieces.

Inventory:

Hand Weapons
 a - a +0 war axe (weapon)
 k - a +0 blowgun
Missiles
 n - 4 poisoned needles
Armour
 b - a +0 scale mail (worn)
 c - a +0 shield (worn)
 g - a scarf of cloud immunity (worn)
 s - a +3 ring mail
Jewellery
 q - an uncursed ring of protection from fire {unknown}
Wands
 o - a wand of iceblast (7)
Scrolls
 e - a scroll of remove curse {unknown}
 h - 3 scrolls of blinking {unknown}
 i - 6 scrolls of identify {unknown}
 l - a scroll of magic mapping {unknown}
 m - 2 scrolls of enchant armour {unknown}
 p - a scroll of fog {unknown}
 t - a scroll of immolation {unknown}
 u - a scroll of noise {unknown}
 v - 2 scrolls of amnesia {unknown}
Potions
 d - a potion of might
 r - 2 potions of agility
 w - a potion of brilliance
Comestibles
 f - 8 rations
 j - 4 chunks of flesh


   Skills:
 + Level 3.4 Fighting
 * Level 6.3 Axes
 + Level 4.2 Armour
 - Level 3.2 Shields


You had 5 spell levels left.
You didn't know any spells.

Dungeon Overview and Level Annotations

Branches:
Dungeon (4/15)
 Temple: D:4-7

Altars:
Fedhas
Nemelex Xobeh
Ru
Zin


Innate Abilities, Weirdness & Mutations

You are resistant to damage.
You can heal yourself by infusing magical energy.
You passively map a small area around you.
You do not regenerate.
Your flesh is cold resistant. (rC+)
Your system is resistant to poisons. (rPois)


Message History

The worm is poisoned.
Firing (i - inventory):
n - 6 poisoned needles (quivered)
Press: ? - help, Shift-Dir - straight line, f/p - worm
Aim: a worm (poisoned)
You shoot a poisoned needle. The poisoned needle hits the worm.
The worm looks even sicker.
Unknown command.
Firing (i - inventory):
n - 5 poisoned needles (quivered)
Press: ? - help, Shift-Dir - straight line, f/p - worm
Aim: a worm (poisoned)
You shoot a poisoned needle. The poisoned needle hits the worm.
The worm looks even sicker.
Wield which item (- for none, * to show all)? (? for menu, Esc to quit)
a - a +0 war axe (weapon)
You slash the worm!
The worm is heavily wounded.
Your shield and scale mail prevent you from hitting the worm.
The worm is heavily wounded.
The worm bites you!
You die...

########## ### #........#
* ..# #........#, ..#
#........# , ..#
#.....(..# , ..#
#.@w.(...# , ..#
#.########
.##############.......# ,
...#...#.......#......# *
...#...#.......#......#
...#...#.......#......# ,
...#...'.......#......##
* *
...#...#...)...#.......#
,
...#...#...>...#.......#,
,, ,


You could see a worm.

Vanquished Creatures
  2 orc wizards (D:4)
  An iguana (D:4)
  3 worker ants (D:4)
  The ghost of p0werm0de the Skirmisher, a weakling GrCK of Xom (D:3)
  A gnoll (D:1)
  5 adders
  2 oozes
  2 worms (D:2)
  A dart slug (D:1)
  10 leopard geckos
  3 orcs
  11 bats
  5 giant cockroaches
  4 goblins
  15 hobgoblins
  2 jackals (D:2)
  2 quokkas (D:4)
  A ball python (D:3)
  3 frilled lizards
  7 kobolds
  5 rats
86 creatures vanquished.

Notes
Turn   | Place    | Note
-------+----------+-------------------------------------------
     0 | D:1      | sankara the Deep Dwarf Fighter began the quest for the Orb.
     0 | D:1      | Reached XP level 1. HP: 20/20 MP: 1/1
    59 | D:1      | Reached skill level 3 in Axes
    69 | D:1      | Reached XP level 2. HP: 27/27 MP: 2/2
   288 | D:1      | Reached XP level 3. HP: 17/33 MP: 3/3
   290 | D:1      | Gained mutation: Your system is resistant to poisons. (rPois) [potion of mutation]
   290 | D:1      | Gained mutation: Your flesh is cold resistant. (rC+) [potion of mutation]
   379 | D:1      | Reached skill level 4 in Axes
  1195 | D:2      | Found a sacrificial altar of Ru.
  1445 | D:2      | Reached XP level 4. HP: 8/40 MP: 4/4
  1641 | D:2      | Reached skill level 5 in Axes
  1807 | D:2      | Found a blossoming altar of Fedhas.
  2072 | D:3      | HP: 2/40 [adder (1)]
  2134 | D:3      | Noticed p0werm0de's ghost (weakling GrCK)
  2148 | D:3      | Killed p0werm0de's ghost
  2172 | D:3      | Reached XP level 5. HP: 27/48 MP: 5/5
  2551 | D:3      | Found a glowing silver altar of Zin.
  2823 | D:4      | Found a sparkling altar of Nemelex Xobeh.
  2883 | D:4      | HP: 2/49 [worker ant (5)]
  2885 | D:4      | Reached skill level 6 in Axes
  3281 | D:4      | Reached XP level 6. HP: 13/56 MP: 6/6
  3338 | D:4      | Slain by a worm

Skill      XL: |  1  2  3  4  5 |
---------------+----------------+-----
Axes           | 3 4 5 6 |  6.3
Fighting       | 3 |  3.4
Armour         | 4 |  4.2
Shields        | |  3.2

Action                   |  1- 3 |  4- 6 || total
-------------------------+-------+-------++-------
Melee: War axe           |   125 |   192 ||   317
 Fire: Blowgun           |       |     6 ||     6
 Abil: Heal Wounds       |       |     2 ||     2
  Use: Potion            |     5 |     4 ||     9
 Stab: Distracted        |     1 |       ||     1
  Eat: Chunk             |     2 |     6 ||     8
Armor: Scale mail        |    43 |    90 ||   133
Dodge: Dodged            |    40 |    60 ||   100
Block: Shield            |    76 |    99 ||   175
